 Dungeon Crawl Stone Soup version 0.32-a0-711-g016ad743e0 (webtiles) character file.

Game seed: 11723430311581682503

1 ytrimaz the Caller (level 1, -1/14 HPs)
             Began as a Demigod Summoner on Mar 15, 2024.
             Slain by a hobgoblin (3 damage)
             ... on level 1 of the Dungeon.
             The game lasted 00:00:25 (125 turns).

ytrimaz the Caller (Demigod Summoner)                Turns: 125, Time: 00:00:25

Health: -1/14      AC:  2    Str:  9    XL:     1   Next: 13%
Magic:  0/5        EV: 11    Int: 17    God:
Gold:   23         SH:  0    Dex: 14    Spells: 2/3 levels left

rFire   . . .        (no weapon)
rCold   . . .        (no shield)
rNeg    . . .        a - +0 robe
rPois   .            (no helmet)
rElec   .            (no cloak)
rCorr   .            (no gloves)
SInv    .            (no boots)
Will    .....        (no amulet)
Stlth   ++           (no ring)
HPRegen 0.22/turn    (no ring)
MPRegen 0.09/turn

%: no passive effects
@: no status effects
A: high MP 1, forlorn, divine attributes
a: no special abilities


You were on level 1 of the Dungeon.
You visited 1 branch of the dungeon, and saw 1 of its levels.

You collected 23 gold pieces.


Innate Abilities, Weirdness & Mutations

You have an increased reservoir of magic. (+10% MP)
You shall have no god before yourself.
Your divine heritage dramatically boosts your attributes as you level up.


   Skills:
 - Level 1.7 Dodging
 - Level 1.7 Stealth
 + Level 1.8 Spellcasting
 + Level 3.6 Summonings


You had 2 spell levels left.
You knew the following spells:

 Your Spells              Type           Power      Damage    Failure   Level
a - Summon Small Mammal   Summ           52%        N/A       4%          1

Your spell library contained the following spells:

 Spells                   Type           Power      Damage    Failure   Level
 Call Imp                 Summ           26%        N/A       7%          2
 Call Canine Familiar     Summ           13%        N/A       13%         3
 Summon Blazeheart Golem  Fire/Summ      7%         N/A       67%         4
 Summon Lightning Spire   Summ/Air       7%         N/A       67%         4

Inventory:

Armour
 a - a +0 robe (worn)
Scrolls
 c - a scroll of vulnerability {unknown}
Potions
 b - a potion of magic

Dungeon Overview and Level Annotations

Branches:
Dungeon (1/15) Zot: 5874

#######.###.# ### ####...#.## #..
#.........###########.. #.#
#.####.#..............P ####.#
#.####.#.....########.# ....#
#.#..........#######..~
#..####.#.##.#..............#
#...#......g.#....#########.P
##.....#.#r.h@...#.#########..
..##........gยง#####.#............
!....>.>.##.#.# #.###########..
#...#...###.#.# #.# #.. #.. #####
#.#.# #.# #.. .. #.#.# #.# #.P .
..#.# .. #.# ###.. #.~ .. #.#


You could see a jackal (ally target), 2 hobgoblins and a friendly rat
(summoned).


Message History

Your rat barely misses the jackal.
Your rat barely misses the jackal.
There is a stone staircase leading down here.
Unknown command.
The jackal bites you.
Your rat closely misses the hobgoblin. ๐Ÿ˜ฎ HP[-1] MP[+1]
You take 1 damage, and now have 8/14 hp.
You are too injured to fight recklessly!
Unknown command.
You barely miss the jackal. The jackal bites you.
Your rat bites the hobgoblin.
Unknown command.
Casting: Summon Small Mammal (safe; 4% risk of failure)
Confirm with . or Enter, or press ? or * to list all spells.
The jackal closely misses you. The hobgoblin hits you.
* * * LOW HITPOINT WARNING * * *
The hobgoblin barely misses your rat.
Your rat bites the hobgoblin but does no damage. ๐Ÿ˜จ HP[-2] MP[-1]
You take 2 damage, and now have 6/14 hp.
You lost 1 mp, and now have 3/5 mp.
Unknown command.
The jackal bites your bat.
Your bat hits the hobgoblin. The jackal bites your bat.
Your bat dies!
Your bat's corpse disappears in a puff of smoke!
The hobgoblin hits your rat.
Your rat dies!
Your rat's corpse disappears in a puff of smoke!
The hobgoblin shouts!
Unknown command. ๐Ÿ˜จ HP[+1]
Casting: Summon Small Mammal (safe; 4% risk of failure)
Confirm with . or Enter, or press ? or * to list all spells.
๐Ÿ˜จ MP[-1]
You lost 1 mp, and now have 2/5 mp.
Unknown command.
Casting: Summon Small Mammal (safe; 4% risk of failure)
Confirm with . or Enter, or press ? or * to list all spells.
Your rat barely misses the hobgoblin.
The hobgoblin hits you but does no damage. ๐Ÿ˜จ MP[-1]
You lost 1 mp, and now have 1/5 mp.
Unknown command.
You swap places.
The jackal bites your rat.
Your rat dies!
Your rat's corpse disappears in a puff of smoke!
The hobgoblin hits you.
* * * LOW HITPOINT WARNING * * *
๐Ÿ˜จ HP[-1]
You take 1 damage, and now have 6/14 hp.
The jackal barely misses you. The hobgoblin barely misses your rat.
Your rat bites the hobgoblin.
The hobgoblin barely misses you.
Unknown command.
You barely miss the jackal. The jackal bites you.
* * * LOW HITPOINT WARNING * * *
The jackal bites you.
* * * LOW HITPOINT WARNING * * *
The hobgoblin hits your rat.
Your rat barely misses the hobgoblin.
The hobgoblin misses you. ๐Ÿ˜จ HP[-2]
You take 2 damage, and now have 4/14 hp.
Unknown command.
Casting: Summon Small Mammal (safe; 4% risk of failure)
Confirm with . or Enter, or press ? or * to list all spells.
The jackal bites you.
* * * LOW HITPOINT WARNING * * *
The hobgoblin hits your rat.
Your rat dies!
Your rat's corpse disappears in a puff of smoke!
The hobgoblin barely misses you. ๐Ÿ˜ฑ HP[-3]
You take 3 damage, and now have 1/14 hp.
MASSIVE DAMAGE!! (PAUSE)
The jackal attacks as it pursues you! The jackal closely misses you.
Your rat barely misses the jackal.
Casting: Summon Small Mammal (safe; 4% risk of failure)
Confirm with . or Enter, or press ? or * to list all spells.
The jackal barely misses you. The jackal completely misses you.
Your rat bites the jackal but does no damage. ๐Ÿ˜ฑ MP[-1]
You lost 1 mp, and now have 0/5 mp.
Unknown command. ๐Ÿ˜ฑ HP[+1]
Okay, then.
Unknown command.
The jackal attacks as it pursues you!
The jackal bites you but does no damage.
Your rat completely misses the hobgoblin.
Your rat closely misses the jackal.
Unknown command.
You barely miss the jackal. The jackal barely misses you. x2
Your rat misses the jackal.
Unknown command.
The hobgoblin hits your rat.
Your rat dies!
Your rat's corpse disappears in a puff of smoke!
The jackal attacks as it pursues you! The jackal barely misses you.
The hobgoblin attacks as it pursues you!
The hobgoblin hits you.
You die...

Action                     || total
---------------------------++-------
  Melee: Unarmed           ||     6
   Cast: Summon Small Mamm ||     9
 Armour: Robe              ||    15
  Dodge: Dodged            ||    14

Levels and vault maps discovered:
D:1:      eino_arrival_water_cross, layout_loops_ring, serial_rivers,
          chequers_serial_rivers_marsh, chequers_serial_rivers_room_b,
          chequers_serial_rivers_large_a, chequers_serial_rivers_marsh,
          serial_bayou_lagoon_a, minmay_bisected

Notes
Turn   | Place    | Note
-------+----------+-------------------------------------------
     0 | D:1      | ytrimaz the Demigod Summoner began the quest for the Orb.
     0 | D:1      | Reached XP level 1. HP: 14/14 MP: 5/5
     0 | D:1      | magus.rc [v1.9.6]
   119 | D:1      | HP: 1/14 [jackal (3)]
   125 | D:1      | Slain by a hobgoblin

Vanquished Creatures (collateral kills)
  An endoplasm (D:1)
1 creature vanquished.

Table legend:
 A = Non-vault XP
 B = Vault XP
 C = Vault XP percentage of total XP
 D = Non-vault monster count
 E = Vault monster count
 F = Vault count percentage of total count
                 A         B        C        D         E       F
            +---------+---------+-------+---------+---------+-------
      Total |       2 |       0 |   0.0 |       1 |       0 |   0.0
            +---------+---------+-------+---------+---------+-------
        D:1 |       2 |       0 |   0.0 |       1 |       0 |   0.0
            +---------+---------+-------+---------+---------+-------

Action                     || total
---------------------------++-------
  Melee: Unarmed           ||     6
   Cast: Summon Small Mamm ||     9
 Armour: Robe              ||    15
  Dodge: Dodged            ||    14

Illustrated notes

Table legend:
 A = Kills in this place as a percentage of kills in the entire game.
 B = Kills by you in this place as a percentage of kills by you in the entire game.
 C = Kills by friends in this place as a percentage of kills by friends in the entire game.
 D = Other kills in this place as a percentage of other kills in the entire game.
 E = Experience gained in this place as a percentage of experience gained in the entire game.
 F = Experience gained in this place divided by the number of levels of this place that you have seen.
                   A       B       C       D       E      F
               +-------+-------+-------+-------+-------+----------------------
         Total | 100.0 |   N/A | 100.0 |   N/A | 100.0 |   2.0
       Dungeon | 100.0 |   N/A | 100.0 |   N/A | 100.0 |   2.0
               +-------+-------+-------+-------+-------+----------------------

Table legend: (Time is in decaauts)
 A = Elapsed time spent in this place.
 B = Non-inter-level travel time spent in this place.
 C = Inter-level travel time spent in this place.
 D = Time resting spent in this place.
 E = Time spent auto-exploring this place.
 F = Levels seen in this place.
 G = Mean time per level.
                   A        B        C        D        E       F      G
               +--------+--------+--------+--------+--------+-----+--------+
         Total |    125 |    125 |      0 |      0 |     86 |   1 |  125.0 |
       Dungeon |    125 |    125 |      0 |      0 |     86 |   1 |  125.0 |
               +--------+--------+--------+--------+--------+-----+--------+

Top non-repeatable levels by time:
     D:1: 125 daAuts
